 Dungeon Crawl Stone Soup version 0.19-a0 (webtiles) character file.

124 Melicamp the Insei (level 4, -6/35 HPs)
             Began as a Vampire Monk on Apr 27, 2016.
             Mangled by Yehuk's ghost (8 damage)
             ... on level 3 of the Dungeon.
             The game lasted 00:18:24 (3465 turns).

Melicamp the Insei (Vampire Monk)                   Turns: 3465, Time: 00:18:25

Health: -6/35      AC:  2    Str: 11    XL:     4   Next: 81%
Magic:  4/4        EV: 15    Int: 12    God:
Gold:   112        SH:  0    Dex: 16    Spells: 0 memorised, 3 levels left

rFire  . . .     SeeInvis +       - Unarmed
rCold  . . .     Gourm    .     a - +0 robe
rNeg   + . .     Faith    .     (no shield)
rPois  .         Spirit   .     (no helmet)
rElec  .         Dismiss  .     (no cloak)
rCorr  .         Reflect  .     (no gloves)
SustAt .         Harm     .     (no boots)
MR     .....                    r - amulet of rage
Stlth  +++.......               (no ring)
                                (no ring)

@: not resistant to hostile enchantments, fairly stealthy
A: fangs 3, see invisible, unbreathing
a: Bat Form, Evoke Berserk Rage


You were on level 3 of the Dungeon.
You were not thirsty.

You visited 1 branch of the dungeon, and saw 3 of its levels.

You collected 112 gold pieces.

Inventory:

Missiles
 e - 11 poisoned needles (quivered)
Armour
 a - a +0 robe (worn)
Jewellery
 r - an amulet of rage (around neck)
 s - an uncursed amulet of faith
 t - an uncursed amulet of dismissal {unknown}
Scrolls
 c - a scroll of identify {unknown}
 d - a scroll of immolation {unknown}
 k - a scroll of remove curse {unknown}
 n - a scroll of blinking {unknown}
 u - a scroll of enchant weapon {unknown}
Potions
 b - 11 potions of blood
 f - 2 potions of brilliance {unknown}
 g - a potion of ambrosia {unknown}
 l - a potion of curing {unknown}
 m - a potion of berserk rage {unknown}
 p - a potion of might {unknown}
 q - a potion of flight {unknown}
Comestibles
 h - 9 fruits
 i - 3 meat rations
 j - 3 bread rations
 o - a beef jerky


   Skills:
 + Level 3.0 Fighting
 * Level 4.6 Dodging
 * Level 4.1 Stealth
 * Level 5.2 Unarmed Combat


You had 3 spell levels left.
You didn't know any spells.

Dungeon Overview and Level Annotations

Branches:
Dungeon (3/15)

Altars:

Annotations:
D:3 Yehuk's ghost, amateur DsMo


Innate Abilities, Weirdness & Mutations

You have razor-sharp teeth.
You have supernaturally acute eyesight.
You can survive without breathing.


Message History

Yehuk's ghost is almost destroyed.
You miss Yehuk's ghost.
Yehuk's ghost is almost destroyed.
Yehuk's ghost misses you.
You barely miss Yehuk's ghost.
Yehuk's ghost is almost destroyed.
Yehuk's ghost hits you.
* * * LOW HITPOINT WARNING * * *
You barely miss Yehuk's ghost.
Yehuk's ghost is almost destroyed.
Yehuk's ghost misses you.
You hit Yehuk's ghost. Your bite misses Yehuk's ghost.
Yehuk's ghost is almost destroyed.
Yehuk's ghost hits you.
* * * LOW HITPOINT WARNING * * *
Yehuk's ghost says, "Missed me!"
Yehuk's ghost says, "Missed me!"
You see here a falchion.
Yehuk's ghost hits you!
You die...

#####.....#....###..
###########.........#.....##..
#.........##.##.#.....#...##..
###.######.##.##.##.####...##..
#.................#.# #(......
#.#.#####....###..#.####..###.#
#.#.#####.##.##........#..# #.#
##.#.....#.##.##W...#.###..#
#.# #.....(....##..@).....#
##.# #.%
#.##.#.#.#######....### #.# ###
#.##...))# #......# #>#
#.###.##.# #.##.###### #.#
#.....##.# #.#^......# #.#
########.#####.#######.# #.#
#.......# #.###.# #########
#.....# ##....#


You could see Yehuk's ghost.

Vanquished Creatures
  Jessica (D:3)
  2 adders (D:2)
  3 oozes (D:1)
  3 worms
  A dart slug (D:1)
  3 giant geckos
  3 ball pythons
  4 bats
  3 giant cockroaches (D:2)
  7 goblins
  6 hobgoblins
  2 jackals (D:1)
  3 quokkas
  A giant newt (D:1)
  4 kobolds
  6 rats
52 creatures vanquished.

Notes
Turn   | Place    | Note
--------------------------------------------------------------
     0 | D:1      | Melicamp the Vampire Monk began the quest for the Orb.
     0 | D:1      | Reached XP level 1. HP: 17/17 MP: 1/1
   136 | D:1      | Reached XP level 2. HP: 19/23 MP: 2/2
   708 | D:1      | Reached XP level 3. HP: 26/28 MP: 3/3
  1344 | D:2      | Reached skill level 5 in Unarmed Combat
  1977 | D:2      | Reached XP level 4. HP: 22/34 MP: 4/4
  3226 | D:3      | Noticed Jessica
  3234 | D:3      | Killed Jessica
  3293 | D:3      | Noticed Yehuk's ghost (amateur DsMo)
  3454 | D:3      | HP: 1/35 [Yehuk's ghost (3)]
  3465 | D:3      | Mangled by Yehuk's ghost

Vault maps used:
D:1:      erik_arrival_gehennom, corexii_item_surrounded_by_moat,
          corexii_leaking_fountain
D:3:      first_bread, uniq_natasha, uniq_jessica

Skill      XL: |  1  2  3  4 |
---------------+-------------+-----
Unarmed Combat | 5 |  5.2
Stealth        | 4 |  4.1
Dodging        | 4 |  4.6
Fighting       | 3 |  3.0

Action                   |  1- 3 |  4- 6 || total
-------------------------+-------+-------++-------
Melee: Unarmed           |   128 |   111 ||   239
       Bite              |    22 |     9 ||    31
       Punch             |       |     1 ||     1
Throw: Stone             |     7 |       ||     7
 Abil: End Transformatio |     1 |       ||     1
       Bat Form          |     1 |       ||     1
  Use: Potion            |     3 |     4 ||     7
 Stab: Sleeping          |     6 |     4 ||    10
Armor: Robe              |    22 |     6 ||    28
Dodge: Dodged            |   124 |    76 ||   200
